 Dungeon Crawl Stone Soup version 0.24-a0-464-g6b2be6b8c7 (webtiles) character file.

Game seed: 722161591193359057

52 Mithandil the Conjurer (level 3, 0/19 HPs)
             Began as a Deep Elf Conjurer on July 4, 2019.
             Slain by an adder (2 damage)
             ... on level 2 of the Dungeon.
             The game lasted 00:12:45 (1487 turns).

Mithandil the Conjurer (Deep Elf Conjurer)          Turns: 1487, Time: 00:12:46

Health: 0/19       AC:  2    Str:  5    XL:     3   Next: 60%
Magic:  1/10       EV: 13    Int: 20    God:
Gold:   59         SH:  0    Dex: 15    Spells: 6/9 levels left

rFire    . . .     SeeInvis .   a - +0 dagger
rCold    . . .     Gourm    .   (no shield)
rNeg     . . .     Faith    .   i - +0 robe
rPois    .         Spirit   .   (no helmet)
rElec    .         Reflect  .   (no cloak)
rCorr    .         Harm     .   (no gloves)
MR       .....                  (no boots)
Stlth    +++.......             (no amulet)
HPRegen  0.06/turn              h - ring of stealth
MPRegen  0.12/turn              (no ring)

@: lethally poisoned (0 -> -3)
A: no striking features
a: no special abilities


You were on level 2 of the Dungeon.
You were not hungry.

You visited 1 branch of the dungeon, and saw 3 of its levels.

You collected 59 gold pieces.

Inventory:

Hand Weapons
 a - a +0 dagger (weapon)
Missiles
 b - 5 stones (quivered)
Armour
 g - a +0 large shield
 i - a +0 robe (worn)
Jewellery
 h - a ring of stealth (left hand)
Scrolls
 d - a scroll of random uselessness {unknown}
 e - 2 scrolls of remove curse {unknown}
 f - 2 scrolls of identify
 j - a scroll of teleportation {unknown}
 k - a scroll of magic mapping {unknown}
Comestibles
 c - 3 rations


   Skills:
 * Level 0.3 Short Blades
 + Level 2.8 Dodging
 + Level 2.8 Stealth
 * Level 0.7 Shields
 * Level 3.8 Spellcasting
 * Level 4.9 Conjurations


You had 6 spell levels left.
You knew the following spells:

 Your Spells              Type           Power        Failure   Level  Hunger
a - Magic Dart            Conj           ###.         1%          1    None
b - Searing Ray           Conj           ###...       2%          2    ##.....

Your spell library contained the following spells:

 Spells                   Type           Power        Failure   Level  Hunger
 Dazzling Spray           Conj/Hex       ##....       14%         3    ###....
 Iskenderun's Mystic Bla  Conj           ###.....     17%         4    ####...
 Force Lance              Conj/Tloc      ##......     43%         4    ####...
 Fulminant Prism          Conj/Hex       ##........   43%         4    ####...


Dungeon Overview and Level Annotations

Branches:
Dungeon (3/15)

Altars:

Annotations:
D:2 Terence


Message History

You feel sick. The adder misses you. The adder bites you but does no damage.
You feel sick. The adder bites you.
* * * LOW HITPOINT WARNING * * *
Casting: Magic Dart (safe; 1% risk of failure)
Confirm with . or Enter, or press ? or * to list all spells.
Aiming: Magic Dart (safe; 1% risk of failure)
Press: ? - help, Shift-Dir - straight line, f/p - adder
Aim: an adder (severely wounded)
The magic dart hits the adder but does no damage.
The adder is severely wounded.
The adder barely misses you.
* * * LOW HITPOINT WARNING * * *
You feel sick. The adder misses you.
* * * LOW HITPOINT WARNING * * *
You feel sick. The adder bites you.
You die...

#.#
#†#
#.#
#.#
####.#
#..†.#
#.####
#.#
#@#
#S#
#.#
#.#
#.#
#.#
#.#
#.#
#.#


You could see an adder.

Vanquished Creatures
  An adder (D:1)
  An ooze (D:1)
  2 worms (D:2)
  A dart slug (D:1)
  A leopard gecko (D:2)
  2 giant cockroaches
  4 goblins
  4 hobgoblins
  4 kobolds
  A quokka (D:2)
  A bat (D:1)
  4 frilled lizards
  5 rats
31 creatures vanquished.

Notes
Turn   | Place    | Note
-------+----------+-------------------------------------------
     0 | D:1      | Mithandil the Deep Elf Conjurer began the quest for the
                  | Orb.
     0 | D:1      | Reached XP level 1. HP: 10/10 MP: 6/6
   353 | D:1      | Reached XP level 2. HP: 12/15 MP: 1/8
   357 | D:1      | Learned a level 2 spell: Searing Ray
   763 | D:1      | Reached XP level 3. HP: 18/19 MP: 3/10
  1458 | D:2      | Noticed Terence
  1487 | D:2      | Slain by an adder

Levels and vault maps discovered:
D:1:      mrwooster_arrival_arrow, layout_basic
D:2:      layout_loops_ring, hangedman_glass_teeth, uniq_terence
D:3:      layout_basic, gammafunk_temple_overflow_forgotten

Action                   || total
-------------------------++-------
Melee: Dagger            ||     2
 Cast: Magic Dart        ||    95
  Use: Scroll            ||     1
  Eat: Ration            ||     1
Armor: Robe              ||     2
Dodge: Dodged            ||    18
Block: Large shield      ||     6

Table legend:
 A = Non-vault XP
 B = Vault XP
 C = Vault XP percentage of total XP
 D = Non-vault monster count
 E = Vault monster count
 F = Vault count percentage of total count
                 A         B        C        D         E       F
            +---------+---------+-------+---------+---------+-------
      Total |      75 |       0 |   0.0 |      31 |       0 |   0.0
            +---------+---------+-------+---------+---------+-------
        D:1 |      41 |       0 |   0.0 |      14 |       0 |   0.0
        D:2 |      34 |       0 |   0.0 |      17 |       0 |   0.0
            +---------+---------+-------+---------+---------+-------
